 Dungeon Crawl Stone Soup version 0.31-a0-844-gdc52ec4e09 (webtiles) character file.

Game seed: 7342206642780895783

5214 PimpSugar the Ducker (level 10, 0/75 HPs)
             Began as a Djinni Hedge Wizard on Sept 29, 2023.
             Was a Priest of Ashenzari.
             Slain by a warg (14 damage)
             ... on level 9 of the Dungeon.
             The game lasted 00:49:27 (11385 turns).

PimpSugar the Ducker (Djinni Hedge Wizard)         Turns: 11385, Time: 00:49:28

Health: 0/75       AC:  9    Str:  9    XL:     10   Next: 91%
Gold:   661        EV: 15    Int: 21    God:    Ashenzari [***...] SH:  0 Dex: 12

rFire   + + .        o - +5 demon whip (venom)
rCold   . . .        (no shield)
rNeg    . . .        h - +0 steam dragon scales
rPois   ∞            c - +1 hat "Shattered Chagrin" {Comp, Alch} (curse)
rElec   .            d - +1 cloak of the Shackled Augur {Alch, Melee} (curse)
rCorr   +            i - +0 pair of gloves
SInv    +            (boots unavailable)
Will    +....        A - amulet of Ashenzari's Oracle {Acrobat, Cun, Self} (curse)
Stlth   +++          p - ring "Gnostic Doubts" {rCorr, Fort, Dev} (curse)
HPRegen 0.32/turn    C - ring of Ashenzari's Affliction {rC+, Range, Fort} (curse)
MPRegen 0.00/turn

%: acrobat, clarity, infuse magic (-1 HP)
@: about to teleport, flying, studying 2 skills
A: sickness immunity, fire resistance 2, cold vulnerability 1, float, innate
caster, HP casting, extra vitality 1
a: Renounce Religion, Curse Item, Shatter the Chains


You were on level 9 of the Dungeon.
You worshipped Ashenzari.
Ashenzari was most pleased with you.
You visited 2 branches of the dungeon, and saw 10 of its levels.
You also visited: Sewer and Bailey.

You collected 661 gold pieces.

Inventory:

Hand Weapons
 a - a +0 dagger of freezing
 b - a +1 vampiric trident
 g - a +0 vampiric dagger
 j - a +3 sling of draining
 o - a +5 demon whip of venom (weapon)
 w - a +1 short sword of holy wrath
 D - a +0 orcbow
 E - a +0 arbalest
Missiles
 m - 105 stones
 r - 6 atropa-tipped darts
 x - 14 poisoned darts
 z - a throwing net
Armour
 c - the cursed +1 hat "Shattered Chagrin" (worn) {Comp, Alch}

   It has a curse which improves the following skills: Companions: Summonings
   and Necromancy.
   Alchemy:   Poison Magic and Transmutations.
 d - the cursed +1 cloak of the Shackled Augur (worn) {Alch, Melee}
   (You found it on level 1 of the Dungeon)

   It has a curse which improves the following skills: Alchemy: Poison Magic and
   Transmutations.
   Melee Combat: Short Blades, Long Blades, Axes, Maces & Flails, Polearms,
   Staves and Unarmed Combat.
 h - +0 steam dragon scales (worn)
 i - a +0 pair of gloves (worn)
 t - a +2 leather armour of fire resistance
 F - a +2 robe of positive energy
Magical Staves
 f - a staff of air
 q - a staff of conjuration
Jewellery
 p - the cursed ring "Gnostic Doubts" (left hand) {rCorr, Fort, Dev}
   (You found it on level 2 of the Dungeon)

   [ring of resist corrosion]

   rCorr:     It protects you from acid and corrosion.
   It has a curse which improves the following skills: Fortitude: Armour and
   Shields.
   Devices:   Evocations and Shapeshifting.
 A - the cursed amulet of Ashenzari's Oracle (around neck) {Acrobat, Cun, Self}
   (You took it off a hobgoblin on level 4 of the Dungeon)

   [amulet of the acrobat]

   Acrobat:   It increases your evasion while moving and waiting.
   It has a curse which improves the following skills: Cunning: Dodging and
   Stealth.
   Introspection: Fighting and Spellcasting.
 C - the cursed ring of Ashenzari's Affliction (right hand) {rC+, Range, Fort}
   (You found it on level 6 of the Dungeon)

   [ring of protection from cold]

   rC+:       It protects you from cold.
   It has a curse which improves the following skills: Ranged Combat: Ranged
   Weapons and Throwing.
   Fortitude: Armour and Shields.
Wands
 s - a wand of charming (4)
 u - a wand of flame (48)
 y - a wand of digging (4)
 B - a wand of iceblast (2)
 G - a wand of mindburst (13)
 L - a wand of quicksilver (2)
Scrolls
 l - a scroll of teleportation
 H - a scroll of vulnerability
 K - a scroll of fog
Potions
 e - 2 potions of lignification
 k - 8 potions of brilliance
 n - 2 potions of enlightenment
 v - 2 potions of degeneration


   Skills:
 + Level 5.9(7.4) Fighting
 + Level 1.5(2.6) Maces & Flails
 + Level 6.3(7.8) Dodging
 + Level 5.1(6.6) Stealth
 * Level 6.2(7.7) Spellcasting
 * Level 6.2 Conjurations
 * Level 6.2 Hexes
   Level 0.0 Charms
 * Level 6.2(7.7) Summonings
 * Level 6.2(7.7) Necromancy
 * Level 6.2 Translocations
 * Level 6.2(8.4) Transmutations
 * Level 6.2 Fire Magic
 * Level 6.2 Ice Magic
 * Level 6.2 Air Magic
 * Level 6.2 Earth Magic
 * Level 6.2(8.4) Poison Magic
 + Level 5.2 Invocations
 + Level 5.2(6.7) Evocations
 + Level 4.3(5.7) Shapeshifting


You knew the following spells:

 Your Spells              Type           Power      Damage    Failure   Level
a - Magic Dart            Conj           100%       1d8       1%          1
b - Call Imp              Summ           80%        N/A       1%          2
c - Mephitic Cloud        Conj/Pois/Air  37%        N/A       1%          3
d - Slow                  Hex            100%       N/A       1%          1
e - Blink                 Tloc           68%        N/A       1%          2
f - Static Discharge      Conj/Air       68%        2-5/arc   1%          2
g - Volatile Blastmotes   Fire/Tloc      68%        2d15      1%          3
h - Iskenderun's Mystic   Conj/Tloc      34%        2d8       6%          4
s - Summon Small Mammal   Summ           100%       N/A       1%          1
Your spell library was empty.

Dungeon Overview and Level Annotations

Branches:
Dungeon (9/15)             Temple (1/1) D:4             Orc (0/2) D:9
  Sewer (visited)          Bailey (visited)
   Lair: D:8-11

Altars:
Ashenzari
Cheibriados
Dithmenos
Elyvilon
Fedhas
Gozag
Hepliaklqana
Makhleb
Nemelex Xobeh
Okawaru
Qazlal
Ru
Trog
Uskayaw
Wu Jian
Xom
Yredelemnul
Zin
The Shining One


Innate Abilities, Weirdness & Mutations

You are immune to sickness and miasma.
You are immune to poison.
Your flesh is very heat resistant. (rF++)
You are vulnerable to cold. (rC-)
You float through the air rather than walking.
You learn spells naturally, not from books.
Your magical power is your life essence.
You have superior vitality. (+4 MHP)


Message History

The orc wizard points at you and mumbles some strange words.
The magic dart hits you!
* * * LOW HITPOINT WARNING * * *
The orc closely misses you.
You feel better. The orc hits you with a +0 club.
The orc wizard mumbles some strange words.
The orc wizard flickers and vanishes for a moment.
The kobold demonologist mumbles some strange words.
The orc warrior unwields a +0 flail.
The orc warrior wields a +0 orcbow.
The orc warrior shoots an arrow.
The arrow barely misses the orc wizard.
The arrow hits you.
Found a staircase to the Orcish Mines.
The ufetubus shouts!
You hear a shout!
You feel ready to blink again.
The sun demon disappears in a puff of smoke!
The orc priest closely misses you.
You hit the orc priest but do no damage.
The orc priest is poisoned.
The orc priest barely misses you.
The kobold demonologist begins to cast a cantrip, but forgets the words!
A howler monkey comes into view.
The orc wizard closely misses you.
The orc priest calls down the wrath of Beogh upon you.
Beogh smites you!
* * * LOW HITPOINT WARNING * * *
You barely miss the orc.
The orc priest hits you with a +0 short sword.
* * * LOW HITPOINT WARNING * * *
The orc hits you with a +0 whip.
* * * LOW HITPOINT WARNING * * *
The kobold demonologist looks braver for a moment.
The orc warrior unwields a +0 orcbow.
The orc warrior wields a +0 flail.
The orc warrior closely misses you. The warg bites you.
* * * LOW HITPOINT WARNING * * *
The orc wizard misses you.
The orc asks, "Where am I?"
The orc hits something but does no damage.
The orc priest hits you but does no damage.
As you read the scroll of teleportation, it crumbles to dust.
You feel strangely unstable. The warg bites you!
You die...

...........######.#
..................###
..........†.........
#######§..#..##...###
...Yo.o)...........
....g.Y)##o........
.Y.##.o.Y##54..# ..
#.h.K.Yooh.##... .
.....o5o@o......#
......)ooo.......#
.......###.........
.... [......... ...
........... ..
>..........
............
...........


You could see an ice devil (summoned), a kobold demonologist, 3 yaks, a warg, an
orc warrior, a howler monkey (wandering), 3 orc priests, 2 orc wizards, a white
imp (summoned), 5 orcs, an ufetubus (summoned) and a goblin.

Vanquished Creatures
  Pikel (D:7)
  An orc knight (Bailey)
  A hornet (D:8)
  2 wyverns (D:7)
  2 steam dragons
  An acid dragon (D:8)
  Duvessa (D:7)
  2 ice beasts
  Pargi (Sewer)
  13 orc warriors
  3 lemures (D:7)
  2 ogres
  A phantom (D:7)
  2 kobold brigands (D:8)
  2 scorpions
  Dowan (D:7)
  5 killer bees (D:7)
  A howler monkey (D:6)
  3 jellies
  3 hounds
  2 orc priests
  2 sleepcaps
  Ijyb (D:3)
  3 iguanas
  Natasha (twice) (D:4)
  9 orc wizards
  A gnoll (D:3)
  4 adders
  2 shadow imps (D:6)
  2 ufetubi
  A worm (D:4)
  A dart slug (D:1)
  36 orcs
  5 ball pythons
  5 endoplasms
  4 giant cockroaches
  10 hobgoblins
  3 jackals (D:1)
  3 quokkas
  8 bats
  4 frilled lizards
  10 goblins
  16 kobolds
  6 rats
188 creatures vanquished.

Vanquished Creatures (collateral kills)
  A centaur (D:6)
  A killer bee (D:7)
  A hound (D:4)
  Natasha (D:4)
  2 gnolls (D:3)
  4 orcs
  A giant cockroach (D:4)
  A goblin (D:2)
  A hobgoblin (D:1)
  A jackal (D:1)
  A quokka (D:2)
  A ball python (D:4)
  A bat (D:2)
  A frilled lizard (D:2)
  2 kobolds
20 creatures vanquished.

Grand Total: 208 creatures vanquished

Notes
Turn   | Place    | Note
-------+----------+-------------------------------------------
     0 | D:1      | PimpSugar the Djinni Hedge Wizard began the quest for the
                  | Orb.
     0 | D:1      | PimpSugar set off with the following spells memorised:
                  | Magic Dart, Slow, Blink, Call Imp, Mephitic Cloud.
     0 | D:1      | Reached XP level 1. HP: 15/15 MP: 0/0
   304 | D:1      | Reached XP level 2. HP: 9/21 MP: 0/0
   679 | D:1      | Reached XP level 3. HP: 26/26 MP: 0/0
   679 | D:1      | Learned a level 1 spell: Summon Small Mammal
  1839 | D:2      | Reached XP level 4. HP: 27/31 MP: 0/0
  1908 | D:2      | Reached skill level 1 in Fighting
  1908 | D:2      | Reached skill level 1 in Invocations
  1908 | D:2      | Reached skill level 1 in Evocations
  2463 | D:3      | Reached XP level 5. HP: 34/37 MP: 0/0
  2463 | D:3      | Learned a level 2 spell: Static Discharge
  2467 | D:3      | Reached skill level 1 in Shapeshifting
  2646 | D:3      | Noticed Ijyb
  2664 | D:3      | Killed Ijyb
  2917 | D:3      | Reached XP level 6. HP: 14/42 MP: 0/0
  3119 | D:3      | Noticed an ogre
  3124 | D:3      | Killed an ogre
  3253 | D:3      | Found a shimmering altar of Xom.
  3418 | D:4      | Noticed Natasha
  3421 | D:4      | Killed Natasha
  3436 | D:4      | Found a staircase to the Ecumenical Temple.
  3449 | D:4      | Found a glowing drain.
  3476 | Sewer    | Entered a sewer
  3582 | Sewer    | Noticed Pargi
  3617 | Sewer    | Killed Pargi
  3618 | Sewer    | Reached XP level 7. HP: 36/49 MP: 0/0
  3618 | Sewer    | Learned a level 3 spell: Volatile Blastmotes
  3725 | Temple   | Entered the Ecumenical Temple
  3735 | Temple   | Became a worshipper of Ashenzari the Shackled
  3826 | D:4      | Noticed Natasha
  3831 | D:4      | Killed Natasha
  4061 | D:4      | Noticed Natasha
  4070 | D:4      | Killed Natasha
  4274 | D:4      | HP: 1/49 [scorpion (7)]
  4300 | D:4      | Reached XP level 8. HP: 24/55 MP: 0/0
  4833 | D:5      | Entered Level 5 of the Dungeon
  4844 | D:5      | Found a glowing silver altar of Zin.
  4909 | D:5      | Reached * piety under Ashenzari
  5579 | D:5      | Reached ** piety under Ashenzari
  6273 | D:6      | Found an iron altar of Okawaru.
  6290 | D:6      | Reached *** piety under Ashenzari
  7201 | D:7      | Reached XP level 9. HP: 35/64 MP: 0/0
  7201 | D:7      | Learned a level 4 spell: Iskenderun's Mystic Blast
  7213 | D:7      | Reached skill level 5 in Spellcasting
  7213 | D:7      | Reached skill level 5 in Conjurations
  7213 | D:7      | Reached skill level 5 in Hexes
  7213 | D:7      | Reached skill level 5 in Summonings
  7213 | D:7      | Reached skill level 5 in Necromancy
  7213 | D:7      | Reached skill level 5 in Translocations
  7213 | D:7      | Reached skill level 5 in Transmutations
  7213 | D:7      | Reached skill level 5 in Fire Magic
  7213 | D:7      | Reached skill level 5 in Ice Magic
  7213 | D:7      | Reached skill level 5 in Air Magic
  7213 | D:7      | Reached skill level 5 in Earth Magic
  7213 | D:7      | Reached skill level 5 in Poison Magic
  7420 | D:7      | Found a flagged portal.
  7432 | Bailey   | Entered a bailey
  7590 | Bailey   | Reached skill level 5 in Dodging
  8209 | Bailey   | Noticed an orc knight
  8254 | Bailey   | Killed an orc knight
  8255 | Bailey   | Reached XP level 10. HP: 35/72 MP: 0/0
  8384 | Bailey   | Identified a scroll of acquirement
  9137 | Bailey   | Acquired a +4 demon whip of venom
  9236 | D:7      | Reached skill level 5 in Fighting
  9518 | D:7      | Noticed Pikel
  9523 | D:7      | Found a glowing golden altar of the Shining One.
  9530 | D:7      | Killed Pikel
  9570 | D:7      | Noticed Duvessa
  9572 | D:7      | Noticed Dowan
  9576 | D:7      | Killed Duvessa
  9577 | D:7      | Reached skill level 1 in Maces & Flails
  9588 | D:7      | Killed Dowan
  9706 | D:7      | Reached skill level 5 in Invocations
  9706 | D:7      | Reached skill level 5 in Evocations
  9838 | D:7      | Reached skill level 5 in Stealth
 10169 | D:7      | Found an opulent altar of Gozag.
 10169 | D:7      | Found a bloodstained altar of Trog.
 10392 | D:8      | Found a stormy altar of Qazlal.
 11365 | D:9      | Noticed a kobold demonologist
 11369 | D:9      | Noticed a sun demon
 11371 | D:9      | Noticed an ice devil
 11381 | D:9      | Found a staircase to the Orcish Mines.
 11385 | D:9      | Slain by a warg

Illustrated notes

Levels and vault maps discovered:
D:1:      nagdon_arrival_double_spiral, layout_loops_corners, minmay_hedge_maze,
          kennysheep_another_room
D:2:      layout_basic
D:3:      layout_basic, tgw_xom, uniq_ijyb
D:4:      layout_basic, minmay_temple_entry_purple_smoke,
          cheibrodos_sewer_entry_drain, uniq_natasha
D:5:      layout_gridville, mainiacjoe_overflow_catwalk_spiral
D:6:      layout_basic, mainiacjoe_overflow_cross_hatched
D:7:      layout_loops_cross, nicolae_overflow_hidden_temple, enter_bailey_3,
          uniq_pikel, uniq_duvessa
D:8:      layout_rooms, grunt_qazlal_clouds
D:9:      layout_long_grid, erik_orc_4, serial_shops, shop
Temple:   nicolae_temple_two_arcs

Skill      XL: |  1  2  3  4  5  6  7  8  9 10 |
---------------+-------------------------------+-----
Spellcasting   | 3 4 5 6 |  6.2
Conjurations   | 3 4 5 6 |  6.2
Hexes          | 3 4 5 6 |  6.2
Summonings     | 3 4 5 6 |  6.2
Necromancy     | 3 4 5 6 |  6.2
Translocations | 3 4 5 6 |  6.2
Transmutations | 3 4 5 6 |  6.2
Fire Magic     | 3 4 5 6 |  6.2
Ice Magic      | 3 4 5 6 |  6.2
Air Magic      | 3 4 5 6 |  6.2
Earth Magic    | 3 4 5 6 |  6.2
Poison Magic   | 3 4 5 6 |  6.2
Fighting       | 1 2 3 4 5 |  5.9
Stealth        | 2 3 4 5 |  5.1
Invocations    | 1 2 3 4 5 |  5.2
Evocations     | 1 2 3 4 5 |  5.2
Shapeshifting  | 1 2 3 4 |  4.3
Dodging        | 3 4 5 6 |  6.3
Maces & Flails | 1 |  1.5

Action                     |  1- 3 |  4- 6 |  7- 9 | 10-12 || total
---------------------------+-------+-------+-------+-------++-------
  Melee: Dagger            |    29 |       |       |       ||    29
         Punch             |     1 |       |       |     4 ||     5
         Sling             |       |       |     4 |     1 ||     5
         Demon whip        |       |       |       |   142 ||   142
   Fire: Sling             |    40 |   124 |   308 |    33 ||   505
   Cast: Magic Dart        |    43 |    11 |    45 |     4 ||   103
         Call Imp          |     8 |     9 |    18 |     4 ||    39
         Summon Small Mamm |     5 |     8 |    13 |     2 ||    28
         Slow              |     1 |     2 |     8 |     3 ||    14
         Static Discharge  |       |     5 |     1 |       ||     6
         Mephitic Cloud    |       |       |     7 |     2 ||     9
         Blink             |       |       |     2 |     2 ||     4
         Iskenderun's Myst |       |       |       |     9 ||     9
 Invoke: Curse Item        |       |       |     4 |     1 ||     5
  Evoke: Wand              |       |     1 |     9 |     8 ||    18
    Use: Scroll            |     1 |     4 |    11 |     3 ||    19
         Potion            |       |       |     6 |     7 ||    13
   Stab: Sleeping          |       |       |       |     2 ||     2
         Distracted        |       |       |       |     1 ||     1
 Armour: Robe              |    43 |    64 |   140 |       ||   247
         Steam dragon scal |       |       |    59 |   133 ||   192
  Dodge: Dodged            |    58 |    85 |   276 |   218 ||   637

Table legend: (Time is in decaauts)
 A = Elapsed time spent in this place.
 B = Non-inter-level travel time spent in this place.
 C = Inter-level travel time spent in this place.
 D = Time resting spent in this place.
 E = Time spent auto-exploring this place.
 F = Levels seen in this place.
 G = Mean time per level.
                   A        B        C        D        E       F      G
               +--------+--------+--------+--------+--------+-----+--------+
         Total |  11587 |  10942 |    645 |   1698 |   6469 |  12 |  965.6 |
       Dungeon |   9520 |   8895 |    625 |    736 |   6017 |   9 | 1057.8 |
        Temple |     22 |      2 |     20 |      0 |      0 |   1 |   22.0 |
         Sewer |    243 |    243 |      0 |      0 |     85 |   1 |  243.0 |
        Bailey |   1800 |   1800 |      0 |    962 |    367 |   1 | 1800.0 |
               +--------+--------+--------+--------+--------+-----+--------+

Top non-repeatable levels by time:
  Bailey: 1800 daAuts
     D:7: 1740 daAuts
     D:6: 1507 daAuts
     D:1: 1385 daAuts
     D:4: 1178 daAuts
     D:2: 1095 daAuts
     D:3: 988 daAuts
     D:5: 902 daAuts
     D:8: 701 daAuts
   Sewer: 243 daAuts
  Temple: 22 daAuts
     D:9: 19 daAuts
